 Dungeon Crawl Stone Soup version 0.31-a0-466-g98c9adc2b6 (webtiles) character file.

Game seed: 15938168512650727379

576 MisterAzrael the Ruffian (level 7, -1/52 HPs)
             Began as a Red Draconian Shapeshifter on Aug 6, 2023.
             Slain by a hound (2 damage)
             ... on level 5 of the Dungeon.
             The game lasted 00:05:09 (4701 turns).

MisterAzrael the Ruffian (DrSh)                     Turns: 4701, Time: 00:05:10

Health: -1/52      AC:  6    Str: 19    XL:     7   Next: 13%
Magic:  7/7        EV: 10    Int:  8    God:
Gold:   213        SH:  0    Dex: 12    Spells: 6/6 levels left

rFire   + .          .
                       - Unarmed
rCold   . . .        j - +0 kite shield
rNeg    . . .        (body armour unavailable)
rPois   .            (helmet currently unavailable)
rElec   .            (cloak currently unavailable)
rCorr   +            (gloves currently unavailable)
SInv    .            (boots currently unavailable)
Will    .....        (no amulet)
Stlth   +            l - ring of resist corrosion
HPRegen 0.28/turn    (no ring)
MPRegen 0.10/turn

%: no passive effects
@: confused, beast-form, ambrosia-drunk
A: beast (slay +3), breathe fire, AC +6, unfitting armour, fire resistance 1,
cold-blooded
a: Breathe Fire, Begin Untransformation


You were on level 5 of the Dungeon.
You were a hulking beast.
You visited 1 branch of the dungeon, and saw 5 of its levels.

You collected 213 gold pieces.

Inventory:

Armour
 j - a +0 kite shield (worn)
Jewellery
 l - a ring of resist corrosion (left hand)
Talismans
 b - a beast talisman (active)
Wands
 i - a wand of flame (11)
Scrolls
 c - a scroll of teleportation {unknown}
 e - 2 scrolls of vulnerability {unknown}
 f - 2 scrolls of blinking {unknown}
 g - 5 scrolls of identify {unknown}
 h - a scroll of noise {unknown}
 o - a scroll of silence {unknown}
Potions
 a - a potion of lignification
 d - a potion of invisibility {unknown}
 k - a potion of magic {unknown}


   Skills:
 - Level 1.1 Fighting
 - Level 1.7 Dodging
 + Level 2.2 Shields
 + Level 5.9 Unarmed Combat
 + Level 5.2 Shapeshifting


You had 6 spell levels left.
You didn't know any spells.
Your spell library contained the following spells:

 Spells                   Type           Power      Damage    Failure   Level
 Ensorcelled Hibernation  Hex/Ice        0%         N/A       87%         2
 Passwall                 Tmut/Erth      0%         N/A       87%         2
 Poisonous Vapours        Pois/Air       0%         N/A       87%         2
 Mephitic Cloud           Conj/Pois/Air  0%         N/A       98%         3
 Swiftness                Air            0%         N/A       98%         3
 Freezing Cloud           Conj/Ice/Air   0%         6-21      100%        5


Dungeon Overview and Level Annotations

Branches:
Dungeon (5/15)
 Temple: D:4-7

Altars:
Nemelex Xobeh


Innate Abilities, Weirdness & Mutations

You are a hulking beast.
Your limbs bulge with bestial killing power. (Slay +3)
You can breathe blasts of fire.
Your fiery red scales are hard. (AC +6)
You cannot fit into any form of body armour.
Your flesh is heat resistant. (rF+)
You are cold-blooded and may be slowed by cold attacks.


Message History

The gnoll hits you with a +2 flail of protection.
The hound attacks as you move away! The hound bites you.
The gnoll is no longer moving quickly.
The gnoll bouda barks out a call to the hunt!
The gnolls pick up the pace!
The hound stops to sniff the ground.
The gnoll attacks as you move away!
The gnoll hits you with a +2 flail of protection.
* * * LOW HITPOINT WARNING * * *
You block the hound's attack. The gnoll closely misses you.
The gnoll sergeant hits you from afar with a +2 spear of flaming!
* * * LOW HITPOINT WARNING * * *
The gnoll sergeant burns you.
* * * LOW HITPOINT WARNING * * *
You block the gnoll's attack. The gnoll attacks as you move away!
You block the gnoll's attack. x2
The hound bites you but does no damage. The hound attacks as you move away!
You block the hound's attack. You block the hound's attack.
It was a potion of ambrosia.
You are confused.
You feel invigorated. The hound bites you.
* * * LOW HITPOINT WARNING * * *
The hound barely misses you. The gnoll sergeant barely misses you.
The hound closely misses you.
The gnoll sergeant is no longer moving quickly.
The hound bites you but does no damage.
The gnoll sergeant completely misses you.
You punch the hound!
The hound is severely wounded.
You have got your breath back.
The hound bites you but does no damage.
The gnoll bouda barks out a call to the hunt!
The gnoll sergeant picks up the pace!
The gnoll sergeant hits you from afar with a +2 spear of flaming!
* * * LOW HITPOINT WARNING * * *
The gnoll sergeant burns you.
* * * LOW HITPOINT WARNING * * *
The gnoll barely misses you. The hound bites you.
You die...

#.....# #.....### #.......#
#####...# ##....# #.....#
##.....#####.# ##..#.........#
##### ##..###hg######## #...#
##..#'#+#h.##....# #...#
#..###.###g.#....# #...#
#.###._.###g#....###...#
#..###.###.g#....'.....#
##..#####g.##....###.###
#>..###...##..).#...###
###'#..#g....(..###.###.##
########..)...g.##....####.#...##


You could see a gnoll sergeant (swift), a gnoll bouda, a hound and 2 gnolls.

Vanquished Creatures
  An ogre (D:3)
  A phantom (D:5)
  A scorpion (D:5)
  An orc priest (D:4)
  A sleepcap (D:5)
  3 iguanas
  2 orc wizards (D:5)
  Robin (D:4)
  2 river rats (D:5)
  6 adders
  A worm (D:3)
  2 dart slugs
  7 orcs
  5 endoplasms (D:1)
  6 giant cockroaches
  18 goblins
  8 hobgoblins
  3 jackals (D:2)
  7 quokkas
  7 ball pythons
  5 bats
  4 frilled lizards
  6 kobolds
  5 rats
103 creatures vanquished.

Notes
Turn   | Place    | Note
-------+----------+-------------------------------------------
     0 | D:1      | MisterAzrael the Draconian Shapeshifter began the quest for
                  | the Orb.
     0 | D:1      | Reached XP level 1. HP: 16/16 MP: 1/1
   349 | D:1      | Reached XP level 2. HP: 10/23 MP: 2/2
  1196 | D:2      | Reached XP level 3. HP: 24/28 MP: 3/3
  1423 | D:2      | Identified the +1 mace of Valour {heavy, Dex+6}
  2040 | D:3      | Reached XP level 4. HP: 32/35 MP: 4/4
  2133 | D:3      | Noticed an ogre
  2142 | D:3      | Killed an ogre
  2143 | D:3      | Reached XP level 5. HP: 40/40 MP: 5/5
  2741 | D:4      | Reached skill level 5 in Unarmed Combat
  2848 | D:4      | Noticed Robin
  2872 | D:4      | Reached XP level 6. HP: 15/47 MP: 6/6
  2904 | D:4      | Killed Robin
  3790 | D:5      | Entered Level 5 of the Dungeon
  3874 | D:5      | Reached skill level 1 in Shields
  3960 | D:5      | Reached skill level 5 in Shapeshifting
  4227 | D:5      | Found a glowing drain.
  4561 | D:5      | Your scales start taking on a fiery red colour.
  4561 | D:5      | Reached XP level 7. HP: 52/52 MP: 7/7
  4561 | D:5      | Gained mutation: Your flesh is heat resistant. (rF+) [Red
                  | Draconian growth]
  4620 | D:5      | Found a sparkling altar of Nemelex Xobeh.
  4694 | D:5      | HP: 2/52 [gnoll sergeant/+2 spear of flaming (2)]
  4701 | D:5      | HP: 1/52 [gnoll sergeant/+2 spear of flaming (2)]
  4701 | D:5      | Slain by a hound

Illustrated notes

Levels and vault maps discovered:
D:1:      dpeg_arrival_erosion, layout_loops_corners, serial_bayou_pond_a
D:2:      layout_loops_corners
D:3:      layout_loops_corners, amcnicky_mini_pool_small,
          minmay_misc_feat_enclosed, minmay_quantized
D:4:      layout_loops_cross, grunt_decor_clamped, small_statue_intersection,
          hangedman_decor_clover_reticule, uniq_robin
D:5:      layout_basic, nemelex_diamond_rough_becter, minmay_temple_entry_tees,
          serial_rivers, chequers_serial_rivers_micro_d,
          chequers_serial_rivers_micro_b, chequers_serial_rivers_large_a,
          chequers_serial_rivers_micro_c, chequers_serial_rivers_large_b,
          gup_sewer_entry_spiral, serial_shops, shop, nicolae_take_the_stairs,
          nicolae_grassy_gnolls

Skill      XL: |  1  2  3  4  5  6 |
---------------+-------------------+-----
Unarmed Combat | 4 5 |  5.9
Shapeshifting  | 4 5 |  5.2
Shields        | 2 |  2.2
Fighting       | |  1.1
Dodging        | |  1.7

Action                     |  1- 3 |  4- 6 |  7- 9 || total
---------------------------+-------+-------+-------++-------
  Melee: Unarmed           |   120 |   176 |     5 ||   301
         Tailslap          |    15 |    20 |       ||    35
         Punch             |     1 |     4 |       ||     5
Ability: Breathe Fire      |       |       |     1 ||     1
    Use: Potion            |       |     6 |     1 ||     7
   Stab: Sleeping          |     3 |       |       ||     3
 Armour: Skin              |    44 |    64 |     9 ||   117
  Dodge: Dodged            |    90 |    79 |    10 ||   179
  Block: Kite shield       |       |    20 |    15 ||    35

Table legend: (Time is in decaauts)
 A = Elapsed time spent in this place.
 B = Non-inter-level travel time spent in this place.
 C = Inter-level travel time spent in this place.
 D = Time resting spent in this place.
 E = Time spent auto-exploring this place.
 F = Levels seen in this place.
 G = Mean time per level.
                   A        B        C        D        E       F      G
               +--------+--------+--------+--------+--------+-----+--------+
         Total |   4871 |   4557 |    314 |    166 |   3675 |   5 |  974.2 |
       Dungeon |   4871 |   4557 |    314 |    166 |   3675 |   5 |  974.2 |
               +--------+--------+--------+--------+--------+-----+--------+

Top non-repeatable levels by time:
     D:5: 1092 daAuts
     D:4: 1072 daAuts
     D:1: 936 daAuts
     D:3: 903 daAuts
     D:2: 865 daAuts
